 Dungeon Crawl Stone Soup version 0.29.1-12-g30fa7ad0bf (webtiles) character file.

Game seed: 1128975873719894775

12473 hawla the Thaumaturge (level 12, -1/91 HPs)
             Began as a Meteoran Ice Elementalist on Jan 5, 2023.
             Was an Initiate of Vehumet.
             Slain by a yak (12 damage)
             ... on level 9 of the Dungeon.
             The game lasted 00:39:41 (5914 turns).

hawla the Thaumaturge (Meteoran Ice Elementalist)   Turns: 5914, Time: 00:39:41

Health: -1/91      AC:  3    Str:  9    XL:     12   Next: 50%
Magic:  26/30      EV: 15    Int: 21    God:    Vehumet [......]
Gold:   141        SH:  0    Dex: 17    Spells: 25/37 levels left

rFire   . . .      SeeInvis .   C - +2 scimitar (flame)
rCold   . . .      Faith    .   (no shield)
rNeg    . . .      Spirit   .   a - +0 robe
rPois   .          Reflect  .   i - +0 helmet
rElec   .          Harm     .   (no cloak)
rCorr   .          Rampage  .   (no gloves)
Will    +....                   (no boots)
Stlth   +.........              c - amulet of magic regeneration
HPRegen 0.25/turn               (no ring)
MPRegen 0.62/turn               (no ring)

@: freezing walls, glowing
A: sense surroundings 2, otherworldly, glowing, explore regen
a: Renounce Religion


You were on level 9 of the Dungeon.
You worshipped Vehumet.
Vehumet was noncommittal.
You visited 2 branches of the dungeon, and saw 11 of its levels.
You also visited: Sewer.

You collected 375 gold pieces.
You spent 234 gold pieces at shops.

Inventory:

Hand Weapons
 d - a +2 dagger of venom
 w - a +1 short sword of holy wrath
 C - a +2 scimitar of flaming (weapon)
Armour
 a - a +0 robe (worn)
 i - a +0 helmet (worn)
Jewellery
 c - an amulet of magic regeneration (around neck)
Wands
 v - a wand of charming (7)
 B - a wand of digging (3)
Scrolls
 e - 2 scrolls of silence
 g - 3 scrolls of enchant armour {unknown}
 p - a scroll of brand weapon {unknown}
 s - a scroll of acquirement {unknown}
 t - a scroll of enchant weapon {unknown}
 u - a scroll of amnesia
 y - a scroll of identify
 z - a scroll of fog {unknown}
 D - a scroll of vulnerability {unknown}
Potions
 b - 2 potions of magic
 f - a potion of mutation {unknown}
 h - 3 potions of might {unknown}
 j - 3 potions of curing
 k - 3 potions of flight
 l - a potion of lignification
 m - 2 potions of brilliance {unknown}
 n - 2 potions of haste
 o - 3 potions of invisibility {unknown}
 q - 2 potions of resistance
 x - a potion of berserk rage {unknown}


   Skills:
 + Level 3.9 Fighting
 + Level 3.5(4.5) Short Blades
 + Level 4.4(5.2) Long Blades
 + Level 5.8 Dodging
 - Level 1.4 Stealth
 + Level 13.2 Spellcasting
 + Level 8.2 Conjurations
 + Level 3.1 Necromancy
 + Level 12.2 Ice Magic
 + Level 2.0 Evocations


You had 25 spell levels left.
You knew the following spells:

 Your Spells              Type           Power      Damage    Failure   Level
a - Freeze                Ice            100%       1d11      1%          1
b - Frozen Ramparts       Ice            100%       1d16      1%          3
c - Hailstorm             Conj/Ice       54%        3d12      1%          4
d - Dispel Undead         Necr           27%        3d13      13%         4

Your spell library contained the following spells:

 Spells                   Type           Power      Damage    Failure   Level
 Necrotise                Necr           100%       1d9       1%          1
 Static Discharge         Conj/Air       31%        3-7/arc   1%          2
 Ozocubu's Armour         Ice            60%        N/A       1%          3
 Conjure Flame            Conj/Fire      31%        6-21      2%          3
 Summon Ice Beast         Ice/Summ       39%        N/A       3%          4
 Apportation              Tloc           26%        N/A       4%          1
 Summon Small Mammal      Summ           52%        N/A       4%          1
 Sticky Flame             Conj/Fire      31%        2d5       9%          4
 Ignite Poison            Fire/Tmut/Pois 13%        N/A       14%         3
 Lightning Bolt           Conj/Air       15%        1d29      24%         5
 Summon Forest            Summ/Tloc      6%         N/A       78%         5
 Summon Mana Viper        Hex/Summ       13%        N/A       78%         5
 Summon Cactus Giant      Summ           6%         N/A       100%        6
 Monstrous Menagerie      Summ           6%         N/A       100%        7
 Maxwell's Capacitive Co  Air            6%         ∞         100%        8


Dungeon Overview and Level Annotations

Branches:
Dungeon (10/15) Zot: 557   Temple (1/1) D:4 Zot: 372    Lair (0/5) D:9
    Orc (0/2) D:10          Sewer (visited)

Altars:
Ashenzari
Cheibriados
Dithmenos
Elyvilon
Fedhas
Gozag
Kikubaaqudgha
Makhleb
Nemelex Xobeh
Okawaru
Qazlal
Ru
Sif Muna
Trog
Uskayaw
Vehumet
Wu Jian
Xom
Yredelemnul
Zin
The Shining One

Shops:
D:6 !


Innate Abilities, Weirdness & Mutations

You passively map the area around you.
You are easily found by Zot.
You glow in the dark.
You regain HP and MP as you explore.


Message History

You freeze the centaur warrior!
The centaur warrior is heavily wounded.
The wall freezes the centaur warrior!
The centaur warrior hits you!
* * * LOW HITPOINT WARNING * * *
The centaur warrior kicks you.
* * * LOW HITPOINT WARNING * * *
The wall freezes the centaur warrior.
The centaur warrior closely misses you. x2
Casting: Freeze (safe; 1% risk of failure)
Confirm with . or Enter, or press ? or * to list all spells.
Casting: Hailstorm (mildly dangerous; 1% risk of failure)
Press: ? - help, Dir - look around, f - activate A cannonade of hail descends around you!
The hail pelts the yak!
The yak is moderately wounded.
The wall freezes the centaur warrior.
The centaur warrior hits you!
* * * LOW HITPOINT WARNING * * *
The centaur warrior barely misses you.
You feel better.
The wall freezes the centaur warrior!
You kill the centaur warrior!
Vehumet accepts your kill.
The wall freezes the yak.
Training target 2.0 for Evocations reached!
Your Evocations skill increases to level 2!
You need to enable at least one skill for training.
Aiming: Charm
Press: ? - help, Shift-Dir - straight line, f - yak
Aim: a yak (moderately wounded, chance to affect: 54%)
The yak resists with significant effort.
The wall freezes the yak but does no damage.
The yak gores you but does no damage.
The wall freezes the yak!
Unknown command.
Aiming: Charm
Press: ? - help, Shift-Dir - straight line, f/p - yak
Aim: a yak (moderately wounded, chance to affect: 54%)
The yak resists with significant effort.
The wall freezes the yak.
The yak gores you!
* * * LOW HITPOINT WARNING * * *
The wall freezes the yak.
You feel better.
The wall freezes the yak!
The yak gores you!
You die...

..#......Y..........####.#
#.#.# #..# #........#....#
#...###..# #.....†))..# *
.....##†.# ###..#.)y.##
.###.....#####.##.##># .*
####.........y.##..# #
*#..####...#####..# ,
,........YY### *#..# *
#####.#..Y@.#####..## *
*** ...○.H#
#.............. ,,


,.RTYD *#.###..######... ##, ,.c.c #.####..#######., .# #..y* #...............
## , ,#... #.#####..######, , ## #..§###.# ##.# * * .#** #..§#..y# #.### ## '
#...'.#Y# #...## You could see 3 yaks.

Vanquished Creatures
  A great orb of eyes (D:9)
  A hydra (D:9)
  3 two-headed ogres
  2 centaur warriors (D:9)
  Nergalle (D:10)
  Sonja (D:10)
  A manticore (D:9)
  An efreet (D:9)
  A komodo dragon (D:10)
  A hornet (D:8)
  A shadow (D:9)
  A wraith (D:9)
  A basilisk (D:9)
  2 wyverns
  4 yaks (D:10)
  A steam dragon (D:7)
  A vampire mosquito (D:9)
  A warg (D:10)
  A water moccasin (D:8)
  An acid dragon (D:10)
  6 orc warriors
  3 black bears (D:5)
  A sky beast (D:6)
  3 ice beasts
  3 centaurs
  3 kobold brigands
  2 phantoms
  2 gnoll sergeants (D:8)
  7 bullfrogs
  A necrophage (D:6)
  18 killer bees
  6 howler monkeys
  A crimson imp (D:4)
  7 orc priests
  2 gnoll boudas
  5 hounds
  A jelly (D:6)
  Terence (D:3)
  6 iguanas
  8 orc wizards
  Robin (D:2)
  13 adders
  17 gnolls
  12 river rats (Sewer)
  3 worms
  2 dart slugs
  43 orcs
  13 ball pythons
  7 endoplasms
  4 giant cockroaches
  12 goblins
  4 hobgoblins
  4 jackals (D:1)
  16 kobolds
  2 quokkas
  A bat (D:2)
  4 frilled lizards
  23 rats
294 creatures vanquished.

Notes
Turn   | Place    | Note
-------+----------+-------------------------------------------
     0 | D:1      | hawla the Meteoran Ice Elementalist began the quest for the
                  | Orb.
     0 | D:1      | Reached XP level 1. HP: 14/14 MP: 5/5
    97 | D:2      | Reached XP level 2. HP: 20/20 MP: 3/6
   113 | D:2      | Noticed Robin
   119 | D:2      | Reached skill level 3 in Spellcasting
   216 | D:1      | Reached skill level 5 in Ice Magic
   218 | D:1      | Reached XP level 3. HP: 4/26 MP: 5/8
   223 | D:1      | Learned a level 3 spell: Frozen Ramparts
   360 | D:2      | Reached XP level 4. HP: 30/33 MP: 6/10
   362 | D:2      | Killed Robin
   458 | D:3      | Reached XP level 5. HP: 31/38 MP: 7/11
   468 | D:3      | Reached skill level 4 in Spellcasting
   475 | D:3      | Reached XP level 6. HP: 46/46 MP: 6/13
   557 | D:3      | Learned a level 4 spell: Hailstorm
   596 | D:3      | Found a snail-covered altar of Cheibriados.
   683 | D:3      | Found a stormy altar of Qazlal.
   686 | D:3      | Noticed a fire elemental
   701 | D:3      | Reached skill level 1 in Conjurations
   760 | D:3      | Found a blossoming altar of Fedhas.
   760 | D:3      | Found an ornate altar of the Wu Jian Council.
   768 | D:3      | Found a hide-covered altar of Uskayaw.
   770 | D:3      | Found an ancient bone altar of Kikubaaqudgha.
   772 | D:3      | Found a broken altar of Ashenzari.
   857 | D:3      | Noticed Terence
   862 | D:3      | Killed Terence
  1252 | D:4      | Found a staircase to the Ecumenical Temple.
  1268 | Temple   | Entered the Ecumenical Temple
  1315 | Temple   | Reached XP level 7. HP: 31/51 MP: 15/15
  1510 | D:4      | Reached skill level 5 in Conjurations
  1690 | D:4      | Found a shimmering altar of Xom.
  1691 | D:4      | Found a burning altar of Makhleb.
  1938 | D:5      | Entered Level 5 of the Dungeon
  1988 | D:5      | Reached skill level 5 in Spellcasting
  2032 | D:5      | Reached XP level 8. HP: 50/58 MP: 9/16
  2115 | D:5      | Reached skill level 1 in Fighting
  2115 | D:5      | Found a basalt altar of Yredelemnul.
  2181 | D:5      | Reached skill level 6 in Spellcasting
  2370 | D:5      | Found a glowing drain.
  2386 | D:5      | Reached skill level 7 in Spellcasting
  2394 | Sewer    | Entered a sewer
  2491 | Sewer    | Gained mutation: You passively map the area around you.
                  | [Meteoran growth]
  2491 | Sewer    | Reached XP level 9. HP: 62/64 MP: 17/20
  2601 | Sewer    | Reached skill level 1 in Short Blades
  2874 | D:6      | Reached skill level 8 in Spellcasting
  3069 | D:6      | Reached skill level 9 in Spellcasting
  3077 | D:6      | Found Rucze Juxu's Distillery.
  3081 | D:6      | Bought a potion of resistance for 130 gold pieces
  3081 | D:6      | Bought a potion of heal wounds for 65 gold pieces
  3081 | D:6      | Bought a potion of curing for 39 gold pieces
  3427 | D:7      | Reached XP level 10. HP: 72/73 MP: 21/24
  3582 | D:8      | Reached skill level 10 in Spellcasting
  3888 | D:8      | Reached skill level 10 in Ice Magic
  3924 | D:8      | Reached skill level 5 in Dodging
  3981 | D:8      | Reached skill level 11 in Spellcasting
  4228 | D:9      | Reached XP level 11. HP: 56/81 MP: 21/27
  4274 | D:9      | Noticed a manticore
  4274 | D:9      | Noticed an eight-headed hydra
  4274 | D:9      | Noticed a catoblepas
  4274 | D:9      | Noticed a centaur warrior
  4274 | D:9      | Noticed a centaur warrior
  4313 | D:10     | Entered Level 10 of the Dungeon
  4341 | D:10     | Found a glowing golden altar of the Shining One.
  4362 | D:10     | Found a staircase to the Orcish Mines.
  4548 | D:10     | Noticed Nergalle
  4559 | D:10     | Killed Nergalle
  4560 | D:10     | Reached skill level 12 in Spellcasting
  4600 | D:10     | Noticed a two-headed ogre
  4606 | D:10     | Killed a two-headed ogre
  4685 | D:10     | Found a radiant altar of Vehumet.
  4686 | D:10     | Found a shimmering blue altar of Sif Muna.
  4855 | D:10     | Noticed Sonja
  4862 | D:10     | Killed Sonja
  4878 | D:10     | Noticed a two-headed ogre
  4886 | D:10     | Killed a two-headed ogre
  5084 | D:10     | Became a worshipper of Vehumet
  5126 | D:9      | HP: 6/123 [centaur warrior/arrow (5)]
  5132 | D:9      | Noticed a two-headed ogre
  5137 | D:9      | Killed a two-headed ogre
  5138 | D:9      | Reached skill level 13 in Spellcasting
  5138 | D:9      | Reached XP level 12. HP: 18/91 MP: 21/30
  5142 | D:9      | Killed a centaur warrior
  5222 | D:9      | Learned a level 4 spell: Dispel Undead
  5447 | D:9      | Reached skill level 1 in Necromancy
  5460 | D:9      | Killed a six-headed hydra
  5485 | D:9      | Noticed a great orb of eyes
  5499 | D:9      | Killed a great orb of eyes
  5835 | D:7      | Reached skill level 1 in Evocations
  5911 | D:9      | Killed a centaur warrior
  5914 | D:9      | Slain by a yak

Illustrated notes

Levels and vault maps discovered:
D:1:      dpeg_arrival_round_c, layout_basic, nicolae_ecumenical_lake_church
D:2:      layout_rooms, grunt_decor_mini_mirrors, minmay_heptomino_h4,
          uniq_robin
D:3:      layout_basic, nicolae_qazlal_style_of_elements,
          chequers_temple_overflow_minitemple, kennysheep_slug_shrine,
          uniq_terence
D:4:      layout_loops_ring, grunt_temple_overflow_champion_of_chaos,
          minmay_temple_entry_grid
D:5:      layout_loops_ring, mainiacjoe_overflow_catwalk, gup_sewer_entry_glass
D:6:      layout_rooms, serial_shops, nicolae_shop_trees
D:7:      layout_rooms, nicolae_hepliaklqana_monster_ancestors
D:8:      layout_loops_ring, kennysheep_generic_room_11
D:9:      minmay_shrinking_squares, layout_rooms, erik_lair_dragon
D:10:     layout_loops_ring, gammafunk_temple_overflow_forgotten, david_orc_3,
          uniq_sonja, uniq_nergalle
Temple:   nicolae_temple_ecumenical_triangle

Skill      XL: |  1  2  3  4  5  6  7  8  9 10 11 12 |
---------------+-------------------------------------+-----
Spellcasting   | 3 4 5 7 9 11 13 | 13.2
Ice Magic      | 5 6 7 8 10 12 | 12.2
Conjurations   | 4 6 7 8 |  8.2
Dodging        | 3 4 5 |  5.8
Fighting       | 1 2 3 |  3.9
Short Blades   | 2 3 |  3.5
Necromancy     | 3 |  3.1
Long Blades    | 4 |  4.4
Evocations     | 2 |  2.0
Stealth        | |  1.4

Action                   |  1- 3 |  4- 6 |  7- 9 | 10-12 || total
-------------------------+-------+-------+-------+-------++-------
Melee: Unarmed           |       |    16 |       |       ||    16
       Dagger            |       |       |   117 |    88 ||   205
       Punch             |       |       |       |     2 ||     2
       Scimitar          |       |       |       |     8 ||     8
 Cast: Freeze            |    23 |    47 |    38 |    36 ||   144
       Frozen Ramparts   |     5 |    20 |    30 |    42 ||    97
       Hailstorm         |       |     1 |    26 |    79 ||   106
       Dispel Undead     |       |       |       |     3 ||     3
Evoke: Wand              |       |       |       |     5 ||     5
  Use: Potion            |       |     3 |       |     9 ||    12
       Scroll            |       |     7 |     4 |     3 ||    14
Armor: Robe              |     8 |     7 |    27 |    12 ||    54
       Skin              |       |    28 |       |    12 ||    40
Dodge: Dodged            |    11 |    22 |    73 |    88 ||   194
